 Dungeon Crawl Stone Soup version 0.21-a0-70-g32e1473 (webtiles) character file.

198654 tsouns the Cleaver (level 18, -14/140 HPs)
             Began as a Gnoll Fighter on May 7, 2017.
             Was a High Priest of Okawaru.
             Killed from afar by a halazid warlock (65 damage)
             ... with a ghostly fireball
             ... in the Desolation of Salt on June 18, 2017.
             The game lasted 02:48:34 (40254 turns).

tsouns the Cleaver (Gnoll Fighter)                 Turns: 40254, Time: 02:48:34

Health: -14/140    AC: 23    Str: 21    XL:     18   Next: 89%
Magic:  37/37      EV: 11    Int: 20    God:    Okawaru [*****.]
Gold:   473        SH: 12    Dex: 25    Spells: 22/31 levels left

rFire    + + .     SeeInvis +   S - +9 broad axe
rCold    + . .     Gourm    .   c - +0 shield
rNeg     . . .     Faith    +   E - +3 plate armour {MR+}
rPois    +         Spirit   .   (helmet restricted)
rElec    .         Reflect  .   u - scarf of Orautok {rPois rF++ MR+ Stlth+}
rCorr    .         Harm     .   F - +2 pair of gloves {Dex+3}
MR       ++...                  v - +2 pair of boots {Fly}
Stlth    ..........             j - amulet of Goficacw {Faith rPois Int+2 Dex+3}
HPRegen  0.33/turn              K - ring of the Octopus King {AC+1 EV+1 Str+1 Int+1 Dex+1 SInv}
MPRegen  0.25/turn              G - ring "Rofut" {rC+ MP+9 Int+8}

@: flying, very heavily drained
A: short attention span, fangs 1, horns 1, agile 1, blink, sense surroundings 1,
evolution 1, strong nose
a: Blink, Heroism, Finesse, Renounce Religion, Stop Flying


You were in the Desolation of Salt.
You worshipped Okawaru.
Okawaru was extremely pleased with you.
You were not hungry.

You visited 6 branches of the dungeon, and saw 30 of its levels.
You also visited: Labyrinth, Ossuary, Ice Cave, Volcano and Desolation.

You collected 3697 gold pieces.
You spent 3224 gold pieces at shops.

Inventory:

Hand Weapons
 x - a +0 broad axe of holy wrath
 J - a +0 broad axe of flaming
 S - a +9 broad axe (weapon)
Missiles
 b - 5 throwing nets (quivered)
 m - 65 tomahawks
 H - 4 javelins
Armour
 c - a +0 shield (worn)
 h - a +1 helmet of see invisible
 u - the scarf of Orautok (worn) {rPois rF++ MR+ Stlth+}
   (Okawaru gifted it to you on level 5 of the Lair of Beasts)

   It greatly protects you from fire.
   It protects you from poison.
   It affects your resistance to hostile enchantments.
   It makes you more stealthy.
 v - a +2 pair of boots of flying (worn)
 E - a +3 plate armour of magic resistance (worn)
 F - a +2 pair of gloves of dexterity (worn)
Jewellery
 i - an uncursed ring of protection from magic
 j - the amulet of Goficacw (around neck) {Faith rPois Int+2 Dex+3}
   (You found it on level 4 of the Dungeon)

   [amulet of faith]

   It allows you to gain divine favour quickly.
   It affects your intelligence (+2).
   It affects your dexterity (+3).
   It protects you from poison.
 G - the ring "Rofut" (right hand) {rC+ MP+9 Int+8}
   (You found it on level 6 of the Lair of Beasts)

   [ring of magical power]

   It affects your intelligence (+8).
   It protects you from cold.
   It affects your magic capacity (+9).
 K - a ring of the Octopus King (left hand) {AC+1 EV+1 Str+1 Int+1 Dex+1 SInv}
   (You found it in the Desolation of Salt)

   [ring of see invisible]

   It affects your AC (+1).
   It affects your evasion (+1).
   It affects your strength (+1).
   It affects your intelligence (+1).
   It affects your dexterity (+1).
   It lets you see invisible.
Wands
 l - a wand of polymorph (2/24)
 r - a wand of digging (6/24)
 y - a wand of lightning (9/15)
 I - a wand of confusion (14/48)
 N - a wand of scattershot (3/9)
 R - a wand of enslavement (8/24)
 W - a wand of clouds (5/9)
Scrolls
 a - a scroll of immolation
 e - 7 scrolls of teleportation
 q - 17 scrolls of remove curse
 w - 3 scrolls of magic mapping
 z - 5 scrolls of fear
 A - 2 scrolls of holy word
 C - 4 scrolls of recharging
 Q - 2 scrolls of fog
 U - 2 scrolls of identify
 V - a scroll of silence
Potions
 g - 3 potions of cancellation
 n - 5 potions of brilliance
 p - a potion of heal wounds
 s - 9 potions of mutation
 t - 3 potions of resistance
 B - a potion of ambrosia
 D - 15 potions of curing
 M - 3 potions of haste
 O - a potion of might
 P - 2 potions of agility
 T - 3 potions of lignification
 Z - a potion of magic
Books
 L - the Grimoire of Translocation and Snow
   (You found it in the Desolation of Salt)

   Spells                             Type                      Level
   a - Shroud of Golubria             Charms/Translocation         2
   b - Metabolic Englaciation         Hexes/Ice                    5
   c - Freezing Cloud                 Conjuration/Ice/Air          6
   d - Disjunction                    Translocation                8
 Y - Harch's Papyrus of Attacks and Shape Shifting
   (You found it in the Desolation of Salt)

   Spells                             Type                      Level
   a - Shock                          Conjuration/Air              1
   b - Throw Frost                    Conjuration/Ice              2
   c - Searing Ray                    Conjuration                  2
   d - Spider Form                    Transmutation/Poison         3
   e - Sticky Flame                   Conjuration/Fire             4
   f - Irradiate                      Conjuration/Transmutation    5
   g - Blade Hands                    Transmutation                5
   h - Orb of Destruction             Conjuration                  7
Miscellaneous
 d - a box of beasts
 o - a phial of floods
 X - a fan of gales
Comestibles
 f - 14 bread rations
 k - 13 meat rations


   Skills:
 + Level 12.0(8.4) Fighting
 + Level 12.5(8.9) Axes
 - Level 8.3(5.0) Throwing
 + Level 10.8(7.3) Armour
 - Level 10.0(6.6) Dodging
 - Level 5.9(2.8) Stealth
 + Level 11.4(7.9) Shields
 - Level 7.0(3.8) Spellcasting
 - Level 7.0(3.8) Conjurations
 + Level 1.6(0.0) Fire Magic
 - Level 7.0(3.8) Air Magic
 - Level 7.3(4.1) Poison Magic
 - Level 9.5(6.1) Invocations
 - Level 9.3(5.9) Evocations


You had 22 spell levels left.
You knew the following spells:

 Your Spells              Type           Power        Failure   Level  Hunger
a - Poisonous Vapours     Pois/Air       ###...       87%         2    ##.....
b - Mephitic Cloud        Conj/Pois/Air  ###.....     98%         3    ###....
c - Sticky Flame          Conj/Fire      ##......     100%        4    ####...


Dungeon Overview and Level Annotations

Branches:
Dungeon (15/15)            Temple (1/1) D:4            Lair (6/6) D:8
 Shoals (0/4) Lair:2        Snake (4/4) Lair:4        Slime (0/5) Lair:5
    Orc (2/2) D:9             Elf (2/3) Orc:2        Vaults (0/5) D:13
 Depths (0/5) D:15

Altars:
Ashenzari
Cheibriados
Dithmenos
Elyvilon
Fedhas
Gozag
Hepliaklqana
Kikubaaqudgha
Makhleb
Nemelex Xobeh
Okawaru
Qazlal
Ru
Sif Muna
Trog
Uskayaw
Vehumet
Wu Jian
Xom
Yredelemnul
Zin
The Shining One
Beogh
Jiyva

Shops:
D:4 ?   D:9 [   D:15 *   Orc:2 %!!}[   Elf:1 *(=

Annotations:
Lair:5 1 runed door


Innate Abilities, Weirdness & Mutations

You have a short attention span.
You have very sharp teeth.
Your uncanny sense of smell can sniff out nearby items.
You have a pair of small horns on your head.
You are agile. (Dex +2)
You can translocate small distances at will.
You passively map a small area around you.
You evolve.


Message History

You hit the halazid warlock but do no damage.
The halazid warlock is moderately damaged.
The halazid warlock points at you and mumbles some strange words.
The bolt of negative energy hits you!
You feel drained.
You closely miss the halazid warlock. You bite the halazid warlock.
The halazid warlock is moderately damaged.
The halazid warlock touches you!
* * * LOW HITPOINT WARNING * * *
You writhe in agony.
* * * LOW HITPOINT WARNING * * *
The halazid warlock mumbles some strange words.
You feel much better.
The guardian serpent shouts!
The halazid warlock casts a spell at the molten gargoyle.
The molten gargoyle's animating energy erupts into ghostly fire!
The ghostly flame explodes!
The ghostly fireball engulfs the halazid warlock.
The halazid warlock completely resists.
The ghostly fireball engulfs you!
You feel drained.
You die...

. , §...........§§§.............
. §§§§..........§§§§§...........
§,§§§§§.......§§.§§§§§..........
.§§§§.§§........§§§§§§§§§§§......
..§§§..§.##########§§§§§§§§..)...
.§.§.....#).......#.§§§..§.......
.........#.....99)#..§§§§§.......
.#..........#..8..#.§§§..........
............#..#@.#..............
.........#..#..#L8#..............
.........#..#)##8p##.............
........##:.####).#.........
.........#..#.##S##........#
..##.....###8#.###..........
..#.........................
..).........................
############################


You could see an imperial myrmidon, a halazid warlock, a guardian serpent, 2
molten gargoyles and 2 saltlings.

Vanquished Creatures
  Gastronok (D:11)
  The ghost of sergedm the Sorcerer, an adept DECj of Vehumet (Elf:1)
  Donald (Orc:2)
  A nagaraja (Snake:2)
  A frost giant (IceCv)
  A deep elf sorcerer (Elf:1)
  The ghost of PeterMcNeter the Protected, a journeyman BaFi of Qazlal (Orc:2)
  Nessos (D:12)
  A deep elf demonologist (Elf:1)
  A halazid warlock (Desolation)
  Azrael (D:13)
  An ettin (Orc:1)
  4 ragged hierophants
  A yaktaur captain (D:15)
  A minotaur (Lab)
  The ghost of MydosGodOfBeginnings the Grappler, a journeyman TrTm of Qazlal (D:10)
  Josephine (Lair:6)
  2 crystal guardians (Desolation)
  Erolcha (D:12)
  A vault guard (D:13)
  6 servants of whispers (Desolation)
  3 peacekeepers (Desolation)
  11 hydras
  12 naga warriors
  A death knight (D:15)
  2 centaur warriors
  10 dancing weapons
  The ghost of Shinoi the Protected, a novice HOFi of the Shining One (D:9)
  6 two-headed ogres
  12 anacondas
  A tengu warrior (D:15)
  2 death yaks
  Urug (D:10)
  An alligator (Lair:5)
  7 naga sharpshooters
  5 orc high priests (Orc:2)
  9 deep elf knights
  2 shock serpents
  3 salamander mystics
  Nergalle (D:12)
  A hell knight (Volcano)
  2 sea snakes (Snake:2)
  2 fire crabs
  5 skeletal warriors
  A swamp dragon (Lair:5)
  An unseen horror (D:15)
  6 deep elf archers (Elf:1)
  A glowing orange brain (Snake:2)
  A lindwurm (Orc:2)
  10 mana vipers
  7 naga ritualists
  8 orc knights
  A wolf spider (Snake:1)
  4 orc sorcerers
  4 manticores
  2 wolf spider zombies (D:12)
  4 cyclopes
  44 deep elf magi
  9 salamanders
  19 elephants
  2 centaur zombies
  4 guardian serpents
  2 molten gargoyles
  13 naga magi
  41 black mambas
  3 gargoyles
  5 spiny frogs
  3 rime drakes
  A freezing wraith (D:15)
  9 komodo dragons
  A harpy zombie (D:15)
  2 tengu conjurers
  8 trolls
  28 polar bears
  15 blink frogs
  36 saltlings
  A raiju (Lair:6)
  2 slime creatures (Lair:5)
  A wind drake (shapeshifter) (D:13)
  13 hippogriffs
  A water elemental (Elf:1)
  3 air elementals (Elf:1)
  43 yaks
  5 wraiths
  A human (D:15)
  A fire bat (Volcano)
  3 wyverns
  A basilisk (D:14)
  3 fire elementals
  Grum (D:8)
  3 hungry ghosts
  A harpy simulacrum (D:14)
  10 wargs
  3 swamp worms (Lair:5)
  24 nagas
  20 hell hounds
  10 water moccasins
  8 porcupines
  38 orc warriors
  4 sky beasts
  12 black bears
  4 ice beasts
  5 boggarts (D:15)
  2 necrophages
  9 ogres
  29 wolves
  4 phantoms
  5 centaurs
  10 crocodiles
  3 big kobolds
  16 bullfrogs
  2 earth elementals
  2 gnoll sergeants
  A wyvern skeleton (D:10)
  4 scorpions
  5 killer bees
  9 wights
  An electric eel (Snake:2)
  5 howler monkeys
  3 crimson imps
  3 bullfrog zombies
  6 hounds
  5 jellies
  Crazy Yiuf (D:6)
  28 orc priests
  A gnoll shaman (D:7)
  24 orc wizards
  2 bullfrog skeletons
  3 centaur skeletons
  3 iguanas
  4 worker ants
  A killer bee zombie (D:6)
  A hound zombie (D:8)
  A hound skeleton (D:10)
  12 mummies (Ossuary)
  30 gnolls
  10 adders
  A shadow imp (D:7)
  12 white imps (Lair:3)
  3 oozes
  An adder zombie (D:8)
  A worm (D:2)
  A dart slug (D:3)
  5 leopard geckos
  140 orcs
  2 ball pythons
  6 bats
  5 giant cockroaches
  15 hobgoblins
  10 jackals
  3 quokkas
  5 frilled lizards
  3 gnoll skeletons (Ossuary)
  15 goblins
  A goblin skeleton (Ossuary)
  2 jackal zombies
  20 kobolds
  3 kobold skeletons (Ossuary)
  A leopard gecko skeleton (D:5)
  A leopard gecko zombie (D:9)
  An orc skeleton (Ossuary)
  8 rats
  11 rat skeletons (Ossuary)
  3 fungi
  A plant (Snake:2)
1171 creatures vanquished.

Vanquished Creatures (collateral kills)
  A shock serpent (Snake:1)
  A deep elf mage (Elf:1)
  2 elephants (Lair:6)
  A naga (Snake:1)
5 creatures vanquished.

Vanquished Creatures (others)
  A deep elf knight (Elf:1)
  A polar bear (IceCv)
  A porcupine (Lair:4)
  A black bear (Lair:6)
  A bullfrog (Lair:5)
  A killer bee (D:8)
  An orc (D:13)
  17 fungi
  25 plants
49 creatures vanquished.

Grand Total: 1225 creatures vanquished

Notes
Turn   | Place    | Note
-------+----------+-------------------------------------------
     0 | D:1      | tsouns the Gnoll Fighter began the quest for the Orb.
     0 | D:1      | Reached XP level 1. HP: 20/20 MP: 1/1
    47 | D:1      | Reached skill level 5 in Armour
   129 | D:1      | Reached skill level 1 in Dodging
   129 | D:1      | Reached XP level 2. HP: 26/26 MP: 2/2
   195 | D:1      | Reached skill level 5 in Shields
   750 | D:2      | Reached XP level 3. HP: 32/32 MP: 3/3
   892 | D:2      | Reached skill level 5 in Fighting
  1063 | D:2      | You fall through a shaft!
  1157 | D:2      | You fall through a shaft!
  1613 | D:2      | Reached XP level 4. HP: 30/39 MP: 4/4
  1909 | D:3      | Reached XP level 5. HP: 45/45 MP: 5/5
  2117 | D:3      | Found a burning altar of Makhleb.
  2118 | D:3      | Found a white marble altar of Elyvilon.
  2414 | D:4      | Noticed a dagger
  2417 | D:4      | Found a shadowy altar of Dithmenos.
  2418 | D:4      | Noticed a hand axe
  2467 | D:4      | Found a hide-covered altar of Uskayaw.
  2482 | D:4      | Reached skill level 5 in Axes
  2482 | D:4      | Reached XP level 6. HP: 37/52 MP: 6/6
  2965 | D:4      | Got a coiled copper amulet
  2967 | D:4      | Identified the amulet of Goficacw {Faith rPois Int+2 Dex+3} (You found it on level 4 of the Dungeon)
  2972 | D:4      | Found Yshroopi's Magic Scroll Shoppe.
  2975 | D:4      | Bought a scroll of identify for 20 gold pieces
  2975 | D:4      | Bought 2 scrolls of enchant weapon for 150 gold pieces
  2975 | D:4      | Bought a scroll of identify for 20 gold pieces
  2996 | D:4      | Found a staircase to the Ecumenical Temple.
  3018 | Temple   | Entered the Ecumenical Temple
  3467 | D:4      | Reached skill level 5 in Dodging
  3538 | D:5      | Entered Level 5 of the Dungeon
  3553 | D:5      | Reached XP level 7. HP: 51/59 MP: 7/7
  4305 | D:5      | Found a runed door.
  4306 | D:5      | Noticed a human
  4309 | D:5      | Found a basalt altar of Yredelemnul.
  4460 | D:5      | Found a shattered altar of Ashenzari.
  5026 | D:5      | Reached XP level 8. HP: 67/67 MP: 8/8
  5577 | D:6      | Reached XP level 9. HP: 47/72 MP: 9/9
  5897 | D:6      | Found a runed door.
  5901 | D:6      | Noticed Crazy Yiuf
  5908 | D:6      | Killed Crazy Yiuf
  6304 | D:7      | Found a sand-covered staircase.
  6309 | Ossuary  | Entered an ossuary
  7523 | D:7      | Found a shimmering altar of Xom.
  7531 | D:7      | Found a shimmering altar of Xom.
  7531 | D:7      | Found a shimmering altar of Xom.
  7534 | D:7      | Found a shimmering altar of Xom.
  7534 | D:7      | Found a shimmering altar of Xom.
  7543 | D:7      | Found a shimmering altar of Xom.
  8060 | D:8      | Found an iron altar of Okawaru.
  8089 | D:8      | Became a worshipper of Warmaster Okawaru
  8104 | D:8      | Noticed Grum
  8130 | D:8      | Killed Grum
  8135 | D:8      | Reached XP level 10. HP: 60/81 MP: 10/10
  8241 | D:8      | Found a staircase to the Lair.
  8544 | D:8      | Noticed a two-headed ogre
  8551 | D:8      | Reached * piety under Okawaru
  8557 | D:8      | Killed a two-headed ogre
  8693 | D:8      | Reached ** piety under Okawaru
  8940 | D:8      | Noticed a two-headed ogre
  9260 | D:8      | Reached *** piety under Okawaru
  9264 | D:8      | Killed a two-headed ogre
  9317 | Lair:1   | Entered Level 1 of the Lair of Beasts
  9384 | Lair:1   | Reached skill level 1 in Invocations
  9384 | Lair:1   | Reached skill level 1 in Evocations
  9620 | Lair:1   | Reached XP level 11. HP: 87/89 MP: 9/12
  9621 | Lair:1   | Reached skill level 10 in Axes
  9630 | Lair:1   | Reached **** piety under Okawaru
  9832 | Lair:1   | Noticed a four-headed hydra
  9851 | Lair:1   | Killed a four-headed hydra
 10558 | Lair:2   | Reached skill level 5 in Evocations
 10569 | Lair:2   | Reached ***** piety under Okawaru
 10658 | Lair:2   | Noticed a manticore
 10703 | Lair:2   | Killed a manticore
 10703 | Lair:2   | Received a gift from Okawaru
 10706 | Lair:2   | Got a transparent scimitar {god gift}
 10707 | Lair:2   | Identified the +1 scimitar of Teastraes {slice, *Rage rElec rN++} (Okawaru gifted it to you on level 2 of the Lair of Beasts)
 10775 | Lair:2   | Found a staircase to the Shoals.
 11040 | Lair:3   | Found a frozen archway.
 11094 | IceCv    | Entered an ice cave
 11470 | IceCv    | Reached XP level 12. HP: 66/97 MP: 17/17
 11596 | IceCv    | Noticed a death yak
 11628 | IceCv    | Killed a death yak
 11763 | IceCv    | Reached skill level 5 in Invocations
 11797 | IceCv    | Received a gift from Okawaru
 12030 | IceCv    | Noticed a frost giant
 12066 | IceCv    | Killed a frost giant
 12066 | IceCv    | Reached skill level 10 in Shields
 12073 | IceCv    | Reached skill level 10 in Fighting
 12826 | Lair:3   | Received a gift from Okawaru
 13256 | Lair:3   | Received a gift from Okawaru
 13256 | Lair:3   | Reached XP level 13. HP: 51/103 MP: 19/19
 13722 | Lair:4   | Found a staircase to the Snake Pit.
 14780 | D:9      | Found a staircase to the Orcish Mines.
 14780 | D:9      | Found Rots's Armour Shop.
 14863 | D:9      | Bought a +2 plate armour of cold resistance for 520 gold pieces
 14894 | D:9      | Received a gift from Okawaru
 15026 | D:9      | Noticed Shinoi's ghost (novice HOFi)
 15281 | D:9      | Found a sparkling altar of Nemelex Xobeh.
 15281 | D:9      | Found an opulent altar of Gozag.
 15404 | D:9      | Killed Shinoi's ghost
 15826 | D:10     | Entered Level 10 of the Dungeon
 15826 | D:10     | Noticed MydosGodOfBeginnings's ghost (journeyman TrTm)
 15840 | D:10     | Reached skill level 1 in Stealth
 15883 | D:10     | Killed MydosGodOfBeginnings's ghost
 15912 | D:10     | Noticed Urug
 15939 | D:10     | Killed Urug
 16875 | D:11     | Received a gift from Okawaru
 16896 | D:11     | Got a tattered robe {god gift}
 16907 | D:11     | Identified the +1 robe of Evaugai {MP+9} (Okawaru gifted it to you on level 11 of the Dungeon)
 16932 | D:11     | Found a roughly hewn altar of Beogh.
 17264 | D:11     | Found an opulent altar of Gozag.
 17275 | D:11     | Noticed Gastronok
 17294 | D:11     | Killed Gastronok
 17294 | D:11     | Reached XP level 14. HP: 105/110 MP: 16/21
 17315 | D:11     | Upgraded the game from 0.20-a0-1116-gaa52201 to 0.20-a0-1124-g2e29d97
 17674 | D:12     | Noticed Nessos
 17709 | D:12     | Killed Nessos
 17763 | D:12     | Noticed Nergalle
 17787 | D:12     | Killed Nergalle
 17787 | D:12     | Reached skill level 5 in Stealth
 17933 | D:12     | Noticed Erolcha
 17943 | D:12     | Killed Erolcha
 18337 | D:12     | Reached ****** piety under Okawaru
 18633 | Lair:4   | Received a gift from Okawaru
 19146 | Lair:5   | Found a runed door.
 19146 | Lair:5   | Found a viscous altar of Jiyva.
 19150 | Lair:5   | Found a staircase to the Slime Pits.
 19152 | Lair:5   | Noticed an acid blob
 19180 | Lair:5   | Received a gift from Okawaru
 19195 | Lair:5   | Got a transparent scarf {god gift}
 19196 | Lair:5   | Identified the scarf of Orautok {rPois rF++ MR+ Stlth+} (Okawaru gifted it to you on level 5 of the Lair of Beasts)
 19623 | Lair:6   | Entered Level 6 of the Lair of Beasts
 19716 | Lair:6   | Found a labyrinth entrance.
 19728 | Lab      | Entered a labyrinth
 20129 | Lab      | Got a crystal spear
 20130 | Lab      | Identified the +5 spear "Meunwayll" {speed, *Contam rF+ rC+ Dex+5} (You found it in a labyrinth)
 20238 | Lair:6   | Noticed Josephine
 20582 | Lair:6   | Reached XP level 15. HP: 109/117 MP: 22/22
 20714 | Lair:6   | Received a gift from Okawaru
 21016 | Lair:6   | Reached skill level 10 in Armour
 21052 | Lair:6   | Got a twitching lapis lazuli ring
 21054 | Lair:6   | Identified the ring "Rofut" {rC+ MP+9 Int+8} (You found it on level 6 of the Lair of Beasts)
 21552 | Lair:6   | Killed Josephine
 21758 | Orc:1    | Entered Level 1 of the Orcish Mines
 21861 | Orc:1    | Found a runed door.
 21893 | Orc:1    | Received a gift from Okawaru
 21898 | Orc:1    | Got a warped war axe {god gift}
 21899 | Orc:1    | Identified the +6 war axe of Indignation {chop, rF+} (Okawaru gifted it to you on level 1 of the Orcish Mines)
 22261 | Orc:1    | Found a roughly hewn altar of Beogh.
 22333 | Orc:2    | Entered Level 2 of the Orcish Mines
 22495 | Orc:2    | Noticed PeterMcNeter's ghost (journeyman BaFi)
 22538 | Orc:2    | Killed PeterMcNeter's ghost
 22538 | Orc:2    | Reached skill level 10 in Dodging
 22568 | Orc:2    | Found a dark tunnel.
 22583 | Volcano  | Entered a volcano
 22781 | Volcano  | Found a bloodstained altar of Trog.
 23407 | Orc:2    | Found Aworin's Armour Emporium.
 23408 | Orc:2    | Noticed Donald
 23430 | Orc:2    | Killed Donald
 23437 | Orc:2    | Bought a +0 helmet for 63 gold pieces
 23655 | Orc:2    | Found a staircase to the Elven Halls.
 23786 | Orc:2    | Reached skill level 1 in Throwing
 23864 | Orc:2    | Received a gift from Okawaru
 24593 | Orc:2    | Found Doemor's Food Shoppe.
 25007 | Orc:2    | Found Paopsuk's Gadget Shoppe.
 25008 | Orc:2    | Found Jaobef's Distillery.
 25008 | Orc:2    | Found Demimud's Distillery.
 25028 | Orc:2    | Bought a potion of haste for 160 gold pieces
 25028 | Orc:2    | Bought a potion of might for 64 gold pieces
 25028 | Orc:2    | Bought a potion of agility for 64 gold pieces
 25030 | Orc:2    | Bought a potion of heal wounds for 60 gold pieces
 25035 | Orc:2    | Bought a wand of clouds (6/9) for 420 gold pieces
 25036 | Orc:2    | Bought 2 potions of haste for 320 gold pieces
 25036 | Orc:2    | Bought a potion of curing for 48 gold pieces
 25036 | Orc:2    | Bought a potion of curing for 48 gold pieces
 25038 | Orc:2    | Bought a potion of curing for 36 gold pieces
 25038 | Orc:2    | Bought a potion of curing for 36 gold pieces
 25038 | Orc:2    | Bought a potion of curing for 36 gold pieces
 25038 | Orc:2    | Bought a potion of curing for 36 gold pieces
 25043 | Orc:2    | Bought a fan of gales for 560 gold pieces
 25044 | Orc:2    | Bought 2 potions of mutation for 256 gold pieces
 25044 | Orc:2    | Gained mutation: You passively map a small area around you. [potion of mutation]
 25044 | Orc:2    | Gained mutation: You are robust. (+10% HP) [potion of mutation]
 25044 | Orc:2    | Gained mutation: You expend magic power (3 MP) to strengthen your wands. [potion of mutation]
 25044 | Orc:2    | Gained mutation: You are agile. (Dex +2) [potion of mutation]
 25533 | D:13     | Reached XP level 16. HP: 126/137 MP: 23/23
 25600 | D:13     | Learned a level 2 spell: Poisonous Vapours
 25606 | D:13     | Learned a level 3 spell: Mephitic Cloud
 25772 | D:13     | Reached skill level 1 in Spellcasting
 25772 | D:13     | Reached skill level 1 in Air Magic
 25798 | D:13     | Reached skill level 1 in Conjurations
 25798 | D:13     | Reached skill level 1 in Poison Magic
 25847 | D:13     | Found a gate to the Vaults.
 25888 | D:13     | Noticed Azrael
 25926 | D:13     | Killed Azrael
 26644 | D:14     | Reached skill level 5 in Throwing
 26699 | D:14     | Identified a scroll of acquirement
 26851 | D:14     | Received a gift from Okawaru
 27330 | D:15     | Entered Level 15 of the Dungeon
 27673 | D:15     | Found Nuul's Assorted Antiques.
 27683 | D:15     | Bought a glowing helmet for 307 gold pieces
 27762 | D:15     | Found a radiant altar of Vehumet.
 27866 | D:15     | Received a gift from Okawaru
 28093 | D:15     | Reached skill level 5 in Spellcasting
 28222 | D:15     | Reached skill level 5 in Air Magic
 28364 | D:15     | Noticed Sonja
 28369 | D:15     | Noticed Sonja
 28369 | D:15     | Sonja changed into Sonja the human
 28385 | D:15     | Killed Sonja the human
 28393 | D:15     | Found a staircase to the Depths.
 28719 | Snake:1  | Entered Level 1 of the Snake Pit
 28795 | Snake:1  | Reached skill level 5 in Poison Magic
 28866 | Snake:1  | Reached skill level 5 in Conjurations
 29228 | Snake:1  | Received a gift from Okawaru
 31129 | Snake:2  | Reached XP level 17. HP: 144/144 MP: 26/26
 31608 | Snake:2  | Received a gift from Okawaru
 31837 | Snake:2  | Upgraded the game from 0.20-a0-1124-g2e29d97 to 0.21-a0-70-g32e1473
 32393 | Snake:2  | Received a gift from Okawaru
 33450 | Snake:3  | Received a gift from Okawaru
 34502 | Snake:4  | Entered Level 4 of the Snake Pit
 35517 | Elf:1    | Entered Level 1 of the Elven Halls
 35622 | Elf:1    | Received a gift from Okawaru
 35638 | Elf:1    | Found Plog's General Store.
 35906 | Elf:1    | Reached XP level 18. HP: 42/152 MP: 28/28
 36226 | Elf:1    | Found Udou's Antique Weapon Boutique.
 36227 | Elf:1    | Found Kibun's Jewellery Emporium.
 37135 | Elf:1    | Received a gift from Okawaru
 37141 | Elf:1    | Noticed sergedm's ghost (adept DECj)
 37157 | Elf:1    | Killed sergedm's ghost
 37733 | Elf:1    | Lost mutation: You expend magic power (3 MP) to strengthen your wands. [potion of mutation]
 37733 | Elf:1    | Lost mutation: You are robust. (+10% HP) [potion of mutation]
 37733 | Elf:1    | Lost mutation: You are agile. (Dex +2) [potion of mutation]
 37733 | Elf:1    | Gained mutation: You can translocate small distances at will. [potion of mutation]
 37733 | Elf:1    | Gained mutation: You are agile. (Dex +2) [potion of mutation]
 37733 | Elf:1    | Gained mutation: You evolve. [potion of mutation]
 38615 | Elf:2    | Found a ruined gateway.
 38620 | Elf:2    | Received a gift from Okawaru
 38833 | Desolati | Entered the Desolation of Salt
 39327 | Desolati | Gained mutation: You have a pair of small horns on your head. [evolution]
 39653 | Desolati | Got a ring of the Octopus King
 39668 | Desolati | Identified a ring of the Octopus King {AC+1 EV+1 Str+1 Int+1 Dex+1 SInv} (You found it in the Desolation of Salt)
 39691 | Desolati | Identified the Grimoire of Translocation and Snow
 40014 | Desolati | Identified Harch's Papyrus of Attacks and Shape Shifting
 40021 | Desolati | Learned a level 4 spell: Sticky Flame
 40072 | Desolati | Reached skill level 1 in Fire Magic
 40247 | Desolati | Identified the Compendium of Summoning and Translocation
 40254 | Desolati | Killed from afar by a halazid warlock

Vault maps used:
D:1:      elethiomel_arrival_infinity_welcomes_careful_drivers,
          supply_closet_lemuel
D:3:      minitemple
D:4:      grunt_dithmenos_smoke_and_mirrors, dancing_weapons_uskayaw,
          minmay_temple_entry_statues_pillars, serial_shops, kennysheep_mini
D:5:      corexii_shantytown, nicolae_ashenzari_panopticon, first_bread,
          portal_sewer_entry_e, hangedman_decor_slide_cut, dk_yredelemnul_ordeal
D:6:      cheibrodos_fzero, uniq_crazy_yiuf_cottage
D:7:      nicolae_ossuary_entry_false_entrances,
          hangedman_decor_clover_reticule, xom_redecorated
D:8:      nicolae_overflow_crystal_walls, erik_lair_orcish_takeover, uniq_grum
D:9:      grunt_temple_overflow_opulence, orc_david_3
D:10:     uniq_urug
D:11:     special_room, basic_altar, uniq_gastronok
D:12:     uniq_nessos, uniq_erolcha, uniq_nergalle
D:13:     david_vaults_5, uniq_azrael
D:15:     grunt_enter_depths_snipers, basic_altar, serial_shops, shop,
          uniq_sonja
Temple:   minmay_temple_curvy_branch
Lair:1:   grunt_megastairs_2
Lair:2:   minmay_shoals_entry_beasts
Lair:3:   portal_ice_cave_entry_imps
Lair:4:   minmay_snake_entry_guardpost_small, beast_lair_carwin_2,
          lemuel_fruit_fields
Lair:5:   onia_ninara_swampy_vault, slime_altar_2, serial_bayou_shore_b
Lair:6:   hangedman_lair_caniforms_friends, lab_entry_generic, uniq_josephine
Snake:2:  serial_bayou_shore_a
Snake:4:  snake_pit, serial_shops, nicolae_shop_behind_doors,
          nicolae_snake_linked_coils
Orc:1:    lightli_church_of_beogh
Orc:2:    st_orc_pillars, nicolae_volcano_entry_vermiform, serial_shops,
          nicolae_shop_stone, uniq_donald
Elf:1:    eino_elf_arrival_customs, serial_shops,
          nicolae_shop_temple_entry_statues_fountains, shop, shop,
          minmay_elf_crystal_hexagon
Elf:2:    portal_desolation_entry_nicolae_nacl, uniq_roxanne, uniq_louise
Lab:      labyrinth_skeletal_remains
Ossuary:  ossuary_due_small_catacomb
IceCv:    ice_cave_caverns_03
Volcano:  volcano_lake

Skill      XL: |  1  2  3  4  5  6  7  8  9 10 11 12 13 14 15 16 17 18 |
---------------+-------------------------------------------------------+-----
Armour         | 5 6 7 8 9 10 | 10.8
Dodging        | 1 2 3 4 5 7 8 9 10 | 10.0
Shields        | 5 6 7 8 9 10 11 | 11.4
Fighting       | 5 6 7 8 9 10 11 12 | 12.0
Axes           | 4 5 6 7 8 9 10 11 12 | 12.5
Invocations    | 2 4 8 9 |  9.5
Evocations     | 2 7 8 9 |  9.3
Stealth        | 4 5 |  5.9
Throwing       | 4 7 8 |  8.3
Spellcasting   | 6 7 |  7.0
Air Magic      | 6 7 |  7.0
Conjurations   | 6 7 |  7.0
Poison Magic   | 6 7 |  7.3
Fire Magic     | 1 |  1.6

Action                   |  1- 3 |  4- 6 |  7- 9 | 10-12 | 13-15 | 16-18 || total
-------------------------+-------+-------+-------+-------+-------+-------++-------
Melee: War axe           |   100 |   190 |   640 |   835 |   960 |     5 ||  2730
       Bite              |     7 |    25 |   102 |   131 |   381 |   333 ||   979
       Broad axe         |       |       |       |       |   874 |  1727 ||  2601
       Hand axe          |       |       |       |       |    52 |       ||    52
       Headbutt          |       |       |       |       |       |    32 ||    32
Throw: Stone             |       |       |       |       |     5 |       ||     5
       Throwing net      |       |       |       |       |     1 |       ||     1
Invok: Heroism           |       |       |       |    13 |    23 |    27 ||    63
       Finesse           |       |       |       |       |    11 |    12 ||    23
Evoke: Wand              |       |     1 |     2 |    13 |    31 |    10 ||    57
       Phial of floods   |       |       |       |       |     2 |     2 ||     4
  Use: Scroll            |    14 |     3 |     8 |     8 |    24 |    17 ||    74
       Potion            |     1 |     4 |     2 |     8 |     4 |     7 ||    26
 Stab: Invisible         |       |     1 |       |       |       |       ||     1
       Petrifying        |       |       |       |     1 |     3 |       ||     4
       Confused          |       |       |       |       |     3 |       ||     3
       Petrified         |       |       |       |       |     2 |       ||     2
       Distracted        |       |       |       |       |       |     4 ||     4
  Eat: Chunk             |     1 |     8 |     8 |     8 |     1 |     5 ||    31
       Fruit             |       |       |     4 |     3 |     5 |     2 ||    14
       Royal jelly       |       |       |     2 |     1 |    13 |    10 ||    26
       Bread ration      |       |       |     2 |     1 |     4 |     4 ||    11
Armor: Scale mail        |    44 |    57 |    74 |       |       |       ||   175
       Skin              |       |     7 |    13 |    20 |       |     6 ||    46
       Chain mail        |       |       |    89 |   247 |    14 |       ||   350
       Plate armour      |       |       |       |       |   624 |   671 ||  1295
Dodge: Dodged            |    31 |    65 |   198 |   384 |   716 |   561 ||  1955
       Deflected         |       |       |     1 |     7 |    11 |       ||    19
Block: Shield            |    55 |   108 |   331 |   522 |  1133 |  1057 ||  3206
